 Dungeon Crawl Stone Soup version 0.24.1-4-ge52af88ad5 (webtiles) character file.

Game seed: 15251720351173498747, levelgen mode: deterministic

2303 Peloso the Carver (level 9, 0/78 HPs)
             Began as a Minotaur Fighter on Apr 12, 2020.
             Was a Follower of Okawaru.
             Killed by divine providence
             ... invoked by an orc priest
              (16 damage)
             ... on level 7 of the Dungeon.
             The game lasted 00:16:01 (6274 turns).

Peloso the Carver (Minotaur Fighter)                Turns: 6274, Time: 00:16:01

Health: 0/78       AC: 12    Str: 22    XL:     9   Next: 18%
Magic:  8/8        EV: 10    Int:  5    God:    Okawaru [*.....]
Gold:   280        SH: 14    Dex: 12    Spells: 8/8 levels left

rFire    . . .     SeeInvis .   a - +0 long sword
rCold    . . .     Gourm    .   c - +3 shield
rNeg     . . .     Faith    .   b - +0 scale mail
rPois    +         Spirit   .   (helmet restricted)
rElec    .         Reflect  .   p - +0 cloak
rCorr    .         Harm     .   (no gloves)
MR       .....                  (no boots)
Stlth    ..........             (no amulet)
HPRegen  0.23/turn              i - ring of poison resistance
MPRegen  0.11/turn              o - +3 ring of protection

@: no status effects
A: retaliatory headbutt, horns 2
a: Heroism, Renounce Religion


You were on level 7 of the Dungeon.
You worshipped Okawaru.
Okawaru was aware of your devotion.
You were very hungry.

You visited 2 branches of the dungeon, and saw 8 of its levels.

You collected 280 gold pieces.

Inventory:

Hand Weapons
 a - a +0 long sword (weapon)
Armour
 b - a +0 scale mail (worn)
 c - a +3 shield (worn)
 p - a +0 cloak (worn)
 s - a +0 pair of gloves
Jewellery
 e - an uncursed ring of protection from magic {unknown}
 i - a ring of poison resistance (left hand)
 o - a +3 ring of protection (right hand)
Scrolls
 g - 5 scrolls of teleportation
 h - 5 scrolls of identify
 j - a scroll of fear
 l - a scroll of remove curse
 q - a scroll of enchant armour
 u - a scroll of enchant weapon {unknown}
Potions
 k - a potion of agility {unknown}
 m - 2 potions of curing
 n - a potion of flight {unknown}
 r - a potion of heal wounds {unknown}
 t - a potion of magic {unknown}
Comestibles
 d - 4 chunks of flesh
 f - 16 rations


   Skills:
 + Level 6.4 Fighting
 + Level 8.8 Long Blades
 + Level 7.3 Armour
 + Level 3.1 Dodging
 + Level 0.2 Stealth
 + Level 8.6 Shields


You had 8 spell levels left.
You didn't know any spells.
Your spell library was empty.

Dungeon Overview and Level Annotations

Branches:
Dungeon (7/15)             Temple (1/1) D:5

Altars:
Ashenzari
Cheibriados
Dithmenos
Fedhas
Gozag
Hepliaklqana
Makhleb
Okawaru
Qazlal
Ru
Trog
Uskayaw
Vehumet
Wu Jian
Yredelemnul
Zin

Shops:
D:6 =

Portals:
Bailey: D:7


Innate Abilities, Weirdness & Mutations

You reflexively headbutt those who attack you in melee.
You have a pair of horns on your head.


Message History

The orc shouts!
The orc moves out of view.
Found a stone staircase leading down.
An orc priest comes into view. It is wielding a +0 whip.
The orc priest shouts!
The orc priest invokes the aid of Beogh against you.
Beogh smites you!
* * * LOW HITPOINT WARNING * * *
You feel better.
The orc throws a stone.
The stone barely misses you.
The orc throws a stone.
You block the stone.
Things that are here:
a stone; a hand axe You hear the faint creaking of a portcullis.
The orc throws a stone.
You block the stone.
There is a flagged portal here.
You see here a stone.
The orc priest calls down the wrath of Beogh upon you.
Beogh smites you!
You die...

*,,,,,,,*,,*,,.♣...#.* *#..
*,,,,,,,**,,,........* #(.
*,,,,,,,***,#..*.#...####(.
******####*,..##.#.(.(((...
##...##.......#.###...
##...>.................
#.............##.......
#.....)...o...##..###..
#....)@)o.≈≈.≈§.o.###..
##....(...≈#'#≈.#.#....
##..(.....'_'.§..#.###
#####.##≈#'#≈.....#,,
#.##≈≈.≈§)†...#,#
#o####..#[†...#.#
#.#.............(
#...###.#....#.#.
**********#..###..#....#.#,


You could see an orc priest, an orc wizard and an orc.

Vanquished Creatures
  Duvessa (D:6)
  A sky beast (D:7)
  An orc warrior (D:6)
  An ice beast (D:5)
  A necrophage (D:5)
  A phantom (D:5)
  2 centaurs
  2 big kobolds
  3 bullfrogs
  Dowan (D:6)
  A water moccasin skeleton (D:6)
  2 howler monkeys
  3 crimson imps
  2 hounds
  3 orc priests
  5 orc wizards (D:4)
  A bullfrog skeleton (D:5)
  4 iguanas
  7 worker ants
  A hound zombie (D:7)
  A howler monkey zombie (D:5)
  Robin (D:3)
  12 gnolls
  9 adders
  A shadow imp (D:5)
  4 oozes
  2 worms
  A dart slug (D:1)
  4 leopard geckos
  24 orcs
  2 ball pythons
  3 giant cockroaches
  12 hobgoblins
  18 kobolds
  3 quokkas (D:5)
  13 bats
  8 frilled lizards
  13 goblins
  A leopard gecko skeleton (D:3)
  A quokka skeleton (D:7)
  7 rats
183 creatures vanquished.

Notes
Turn   | Place    | Note
-------+----------+-------------------------------------------
     0 | D:1      | Peloso the Minotaur Fighter began the quest for the Orb.
     0 | D:1      | Reached XP level 1. HP: 19/19 MP: 0/0
    95 | D:1      | Reached XP level 2. HP: 27/27 MP: 1/1
   818 | D:2      | Found a snail-covered altar of Cheibriados.
   884 | D:2      | Reached XP level 3. HP: 33/33 MP: 2/2
  1004 | D:2      | Found a bloodstained altar of Trog.
  1062 | D:2      | Found a shadowy altar of Dithmenos.
  1575 | D:3      | Reached XP level 4. HP: 36/40 MP: 3/3
  1658 | D:3      | Reached skill level 1 in Dodging
  1750 | D:3      | Noticed Robin
  1767 | D:3      | Killed Robin
  1857 | D:3      | Reached XP level 5. HP: 42/46 MP: 4/4
  2362 | D:2      | Reached skill level 5 in Shields
  2982 | D:4      | Reached XP level 6. HP: 51/53 MP: 5/5
  3245 | D:4      | Reached skill level 5 in Long Blades
  3263 | D:4      | Reached skill level 5 in Armour
  3854 | D:4      | Reached XP level 7. HP: 60/60 MP: 6/6
  4242 | D:4      | Found a stormy altar of Qazlal.
  4503 | D:5      | Entered Level 5 of the Dungeon
  4719 | D:5      | Reached skill level 5 in Fighting
  4848 | D:5      | Reached XP level 8. HP: 52/67 MP: 7/7
  5201 | D:5      | Found a stormy altar of Qazlal.
  5465 | D:5      | Found a staircase to the Ecumenical Temple.
  5474 | Temple   | Entered the Ecumenical Temple
  5494 | Temple   | Became a worshipper of Warmaster Okawaru
  5587 | D:6      | Found Seudesteti's Jewellery Boutique.
  5731 | D:6      | Noticed Duvessa
  5731 | D:6      | Noticed Dowan
  5749 | D:6      | Killed Duvessa
  5761 | D:6      | Killed Dowan
  5861 | D:6      | Reached * piety under Okawaru
  5896 | D:6      | Found a bloodstained altar of Trog.
  6123 | D:7      | Found an opulent altar of Gozag.
  6130 | D:7      | Found an iron altar of Okawaru.
  6139 | D:7      | Found an ornate altar of the Wu Jian Council.
  6142 | D:7      | Found a glowing silver altar of Zin.
  6144 | D:7      | Found a sacrificial altar of Ru.
  6178 | D:7      | Reached XP level 9. HP: 44/74 MP: 8/8
  6220 | D:7      | Found a radiant altar of Vehumet.
  6225 | D:7      | Found a hazy altar of Hepliaklqana.
  6260 | D:7      | Found a flagged portal.
  6274 | D:7      | Killed from afar by an orc priest

Levels and vault maps discovered:
D:1:      noname_arrival_rooms_in_the_neighbourhood, layout_loops_ring
D:2:      layout_rooms, lemuel_coloured_pillars_altar,
          overflow_temple_1_default, cheibriados_altar_1, chequers_big_river,
          glass_columns_b
D:3:      layout_basic, uniq_robin
D:4:      layout_basic, old_standard_altar, first_ration, minmay_fountain_box
D:5:      layout_loops_ring, minmay_temple_entry_fiery, basic_altar,
          corexii_hall_statues_x, chequers_garden
D:6:      layout_cave_pools, serial_shops, shop, trog_butcher_becter,
          uniq_duvessa
D:7:      kennysheep_housing_project, layout_rooms, kennysheep_mini_moat,
          nicolae_overflow_crystal_walls,
          chequers_temple_overflow_statue_of_worship, enter_bailey_2,
          okawaru_trees_2
Temple:   compressed_dpeg_triangle_lava_temple

Skill      XL: |  1  2  3  4  5  6  7  8 |
---------------+-------------------------+-----
Shields        | 4 5 6 8 |  8.6
Fighting       | 4 5 6 |  6.4
Armour         | 4 5 6 7 |  7.3
Long Blades    | 3 4 6 7 8 |  8.8
Dodging        | 1 2 3 |  3.1
Stealth        | |  0.2

Action                   |  1- 3 |  4- 6 |  7- 9 || total
-------------------------+-------+-------+-------++-------
Melee: Long sword        |    93 |   187 |   285 ||   565
       Headbutt          |    11 |    38 |    60 ||   109
  Use: Potion            |     4 |     1 |     2 ||     7
       Scroll            |     1 |       |     5 ||     6
  Eat: Chunk             |     1 |     9 |     7 ||    17
Armor: Scale mail        |    59 |    62 |   122 ||   243
Dodge: Dodged            |    42 |    51 |   118 ||   211
Block: Shield            |    71 |   131 |   213 ||   415
       Rpst.: Long sword |     9 |    16 |    25 ||    50
